 Dungeon Crawl Stone Soup version 0.30.1-3-gfc49f6343a (webtiles) character file.

Game seed: 12447551068813616471

86125 PhantomBowie the Fighter (level 15, -21/151 HPs)
             Began as a Gargoyle Berserker on Aug 4, 2023.
             Was the Champion of Trog.
             Demolished by a naga warrior
             ... wielding a +0 trident
              (23 damage)
             ... on level 1 of the Snake Pit on Aug 6, 2023.
             The game lasted 01:19:59 (24383 turns).

PhantomBowie the Fighter (Gargoyle Berserker)      Turns: 24383, Time: 01:20:00

Health: -21/151    AC: 37    Str: 28    XL:     15   Next: 86%
Magic:  15/15      EV: 11    Int:  8    God:    Trog [******]
Gold:   956        SH: 16    Dex:  9    Spells: 14/14 levels left

rFire   . . .        X - +8 morningstar (flame)
rCold   . . .        J - +0 kite shield
rNeg    + . .        F - +2 plate armour {rF+}
rPois   ∞            d - +2 helmet
rElec   +            M - +1 cloak
rCorr   +            C - +0 pair of gloves
SInv    .            (no boots)
Will    +....        a - amulet of reflection Stlth
                     k - ring of resist corrosion
HPRegen 0.45/turn    p - +5 ring of evasion
MPRegen 0.14/turn

%: reflection
@: berserking, untranslocatable, flying, constricted, unable to drink, very
quick
A: sickness immunity, AC +11, big wings, negative energy resistance 1,
electricity resistance, torment resistance 1, petrification resistance, heat
vulnerability 1, inability to drink after injury 1
a: Renounce Religion, Berserk, Trog's Hand, Brothers in Arms


You were on level 1 of the Snake Pit.
You worshipped Trog.
Trog was exalted by your worship.
You visited 5 branches of the dungeon, and saw 24 of its levels.
You also visited: Bailey and Gauntlet.

You collected 1891 gold pieces.
You spent 935 gold pieces at shops.

Inventory:

Hand Weapons
 X - a +8 morningstar of flaming (weapon)
Missiles
 l - 53 poisoned darts
 x - 19 javelins
 K - 4 curare-tipped darts
Armour
 d - a +2 helmet (worn)
 C - a +0 pair of gloves (worn)
 F - a +2 plate armour of fire resistance (worn)
 J - a +0 kite shield (worn)
 M - a +1 cloak (worn)
Jewellery
 a - an amulet of reflection (around neck)
 k - a ring of resist corrosion (left hand)
 p - a +5 ring of evasion (right hand)
Wands
 b - a wand of acid (18)
 w - a wand of flame (63)
 y - a wand of digging (10)
 A - a wand of roots (31)
 P - a wand of charming (9)
 U - a wand of polymorph (8)
Scrolls
 c - 12 scrolls of teleportation
 e - 3 scrolls of enchant weapon
 f - 3 scrolls of poison
 g - 6 scrolls of fog
 m - a scroll of blinking
 q - a scroll of brand weapon
 r - 3 scrolls of fear
 t - 2 scrolls of acquirement
 B - 5 scrolls of immolation
 N - 5 scrolls of vulnerability
 S - a scroll of magic mapping
 V - 2 scrolls of summoning
 Y - a scroll of amnesia {unknown}
 Z - a scroll of enchant armour {unknown}
Potions
 h - 3 potions of resistance
 i - 4 potions of might
 j - 6 potions of lignification
 n - 2 potions of attraction
 s - 15 potions of curing
 D - a potion of ambrosia
 E - 3 potions of haste
 G - 5 potions of heal wounds (quivered)
 H - 3 potions of invisibility
 R - a potion of berserk rage {unknown}
 T - 3 potions of cancellation
Miscellaneous
 Q - a tin of tremorstones (2/2)


   Skills:
 + Level 14.4 Fighting
 + Level 13.3 Maces & Flails
 - Level 6.0 Throwing
 + Level 14.1 Armour
 - Level 8.0 Dodging
 + Level 11.3 Shields
 + Level 7.5 Evocations


You had 14 spell levels left.
You didn't know any spells.
Your spell library was empty.

Dungeon Overview and Level Annotations

Branches:
Dungeon (15/15) Temple (1/1) D:6 Lair (5/5) D:10 Shoals (0/4) Lair:3 Snake (1/4) Lair:2 Slime (0/5) Lair:5 Orc (2/2) D:9 Elf (0/3) Orc:2 Vaults (0/5) D:12 D:13 Bailey (visited) Gauntlet (visited) Depths: D:15

Altars:
Ashenzari
Cheibriados
Dithmenos
Elyvilon
Fedhas
Gozag
Hepliaklqana
Kikubaaqudgha
Makhleb
Nemelex Xobeh
Okawaru
Qazlal
Ru
Sif Muna
Trog
Uskayaw
Vehumet
Wu Jian
Xom
Yredelemnul
Zin
The Shining One
Jiyva

Shops:
D:1 [   D:2 *[:[?   D:6 (?   D:9 (   D:13 =   Orc:2 :!=(

Annotations:
D:8 1 runed translucent door, TrollFarmer's ghost, journeyman DjFE
D:15 Kirke
Lair:5 2 runed translucent doors, Nessos


Innate Abilities, Weirdness & Mutations

You are immune to sickness and miasma.
Your stone body is resilient. (AC +11)
You are immune to poison.
Your large and strong wings let you fly.
You resist negative energy. (rN+)
You are resistant to electric shocks. (rElec)
You are resistant to unholy torment.
You are immune to petrification.
You are vulnerable to heat. (rF-)
You occasionally lose the ability to drink potions when taking damage.


Message History

You block the nagaraja's attack. The nagaraja constricts you.
You hit the nagaraja. You burn the nagaraja.
The nagaraja is moderately wounded.
The naga warrior closely misses you. The nagaraja hits you with a +0 spear.
The nagaraja constricts you.
You puncture the nagaraja! You burn the nagaraja.
The nagaraja is heavily wounded.
The nagaraja hits you with a +0 spear! The nagaraja constricts you.
The naga warrior hits you from afar with a +0 trident!!
You feel threatened and lose the ability to drink potions!
* * * LOW HITPOINT WARNING * * *
You hit the nagaraja but do no damage.
The nagaraja is heavily wounded.
The nagaraja casts a spell at you.
The poison arrow hits you but does no damage.
The nagaraja constricts you.
* * * LOW HITPOINT WARNING * * *
You block the naga warrior's attack.
The nagaraja hits you but does no damage.
The nagaraja constricts you.
A red film seems to cover your vision as you go berserk!
You feel yourself moving faster!
You feel mighty! The nagaraja spits poison at you.
The splash of poison hits you but does no damage.
You resist. The nagaraja constricts you. You block the naga warrior's attack.
You barely miss the nagaraja.
The nagaraja is heavily wounded.
The nagaraja looks more healthy.
You block the nagaraja's attack. The nagaraja constricts you.
The naga warrior hits you but does no damage.
You barely miss the nagaraja.
The nagaraja is heavily wounded.
You block the nagaraja's attack. The nagaraja constricts you.
* * * LOW HITPOINT WARNING * * *
You hit the nagaraja. You burn the nagaraja.
The nagaraja is heavily wounded.
The nagaraja casts a spell at you.
You feel firmly anchored in space. The nagaraja constricts you.
The naga warrior hits you from afar with a +0 trident!!
You die...

#... ##....# #...# #...#
.N##....# #...# #...#
......# ##...# #...# #...#
##....# #...# ####).##
##....# #...#
#...)..###^...# ##...#
.......#...#.#..## ##....#
......###....NN..###....##
....## ##....#@..#....##
..S #....###.....### ..
###...## ##)...# ..
##....## ###...##
.######....## ##....##
..........## ##..<.##
.........## ##....##
........## ##.#..##
###..#### ##..#.##


You could see a nagaraja (fast, strong, catching breath) and a naga warrior
(strong).

Vanquished Creatures
  Jorgrun (Orc:2)
  Rupert (D:13)
  Snorg (Lair:5)
  Josephine (Lair:4)
  6 hydras
  5 centaur warriors
  2 catoblepae
  A death yak (Lair:4)
  5 two-headed ogres
  4 boulder beetles
  A naga warrior (Snake:1)
  5 orc high priests (Orc:2)
  Urug (Lair:4)
  A fire crab (Lair:5)
  9 skeletal warriors
  4 orc sorcerers (Orc:2)
  7 orc knights
  An ugly thing (D:13)
  A mana viper (Snake:1)
  A lindwurm (Lair:5)
  2 manticores (D:12)
  7 elephants
  4 cyclopes
  A guardian serpent (Snake:1)
  11 black mambas
  3 molten gargoyles (Lair:5)
  2 gargoyles (D:12)
  2 rime drakes
  13 cane toads
  5 yaktaurs (D:15)
  4 unseen horrors
  7 komodo dragons
  2 ice devils (D:12)
  3 meliai (D:13)
  13 trolls
  A polar bear (Lair:5)
  Grinder (D:4)
  31 blink frogs
  7 slime creatures (D:14)
  6 wraiths
  2 centaur simulacra (D:15)
  2 water elementals (D:11)
  6 wyverns
  Eustachio (D:4)
  16 humans
  A shadow (D:10)
  22 yaks
  6 basilisks
  2 hogs (D:14)
  5 steam dragons
  3 vampire mosquitoes (D:10)
  2 nagas (Snake:1)
  4 wargs
  4 hell hounds (Lair:5)
  A harpy simulacrum (D:15)
  An acid dragon (D:11)
  15 water moccasins
  Duvessa (D:4)
  A sky beast (D:7)
  5 black bears
  23 orc warriors
  8 ogres
  2 boggarts (D:15)
  20 centaurs
  12 wolves
  A phantom (D:6)
  7 kobold brigands
  5 gnoll sergeants
  9 bullfrogs
  3 scorpions
  3 wights (D:6)
  Dowan (D:4)
  5 killer bees
  3 electric eels (D:11)
  3 howler monkeys
  A crimson imp (D:5)
  6 lava snakes
  3 gnoll boudas
  2 jellies
  12 orc priests
  7 hounds
  6 iguanas
  Natasha (thrice) (D:4)
  21 orc wizards
  Robin (D:2)
  32 gnolls
  8 adders
  A worm (D:5)
  2 dart slugs
  70 orcs
  3 endoplasms
  2 giant cockroaches (D:1)
  14 goblins
  8 hobgoblins
  7 jackals
  3 quokkas
  6 ball pythons
  3 bats
  3 frilled lizards
  5 kobolds
  4 rats
621 creatures vanquished.

Vanquished Creatures (others)
  2 orc wizards
  An orc (D:12)
3 creatures vanquished.

Grand Total: 624 creatures vanquished

Notes
Turn   | Place    | Note
-------+----------+-------------------------------------------
     0 | D:1      | PhantomBowie the Gargoyle Berserker began the quest for the
                  | Orb.
     0 | D:1      | Reached XP level 1. HP: 14/14 MP: 1/1
    82 | D:1      | Found Seel's Armour Emporium.
   216 | D:1      | Reached XP level 2. HP: 18/19 MP: 2/2
   414 | D:1      | Reached ** piety under Trog
   533 | D:2      | Found Unkirr Zuha's Antique Armour Boutique.
   595 | D:2      | Found Nibrat's Book Shop.
   628 | D:2      | Found a sparkling altar of Nemelex Xobeh.
   661 | D:2      | Found Sissis's Antique Armour Shoppe.
   698 | D:2      | Reached XP level 3. HP: 23/23 MP: 3/3
  1151 | D:2      | Found Hiwiced's Magic Scroll Shop.
  1363 | D:2      | Noticed Robin
  1368 | D:2      | Killed Robin
  1369 | D:2      | Reached XP level 4. HP: 23/29 MP: 4/4
  1404 | D:2      | Found Omyic's General Store.
  1576 | D:3      | Found a sparkling altar of Nemelex Xobeh.
  1664 | D:3      | Reached XP level 5. HP: 29/33 MP: 5/5
  1693 | D:3      | Found a basalt altar of Yredelemnul.
  2009 | D:3      | Found a faded altar of an unknown god.
  2047 | D:3      | Reached *** piety under Trog
  2135 | D:3      | Reached XP level 6. HP: 36/39 MP: 6/6
  2363 | D:4      | Noticed a black bear
  2369 | D:4      | Killed a black bear
  2387 | D:4      | Noticed Grinder
  2398 | D:4      | Paralysed by Grinder for 4 turns
  2422 | D:4      | Killed Grinder
  2423 | D:4      | Reached skill level 5 in Fighting
  2423 | D:4      | Reached XP level 7. HP: 29/44 MP: 7/7
  2724 | D:4      | Noticed Natasha
  2737 | D:4      | Killed Natasha
  2842 | D:4      | Noticed Natasha
  2859 | D:4      | Killed Natasha
  2860 | D:4      | Reached skill level 5 in Maces & Flails
  2900 | D:4      | Noticed Natasha
  2910 | D:4      | Killed Natasha
  3031 | D:4      | Noticed Eustachio
  3079 | D:4      | Killed Eustachio
  3080 | D:4      | Reached skill level 5 in Armour
  3080 | D:4      | Reached XP level 8. HP: 45/51 MP: 8/8
  3137 | D:4      | Found a hazy altar of Hepliaklqana.
  3198 | D:4      | Noticed Duvessa
  3198 | D:4      | Noticed Dowan
  3269 | D:4      | Killed Duvessa
  3287 | D:4      | Killed Dowan
  3597 | D:2      | Bought 3 scrolls of identify for 78 gold pieces
  3597 | D:2      | Bought a scroll of teleportation for 39 gold pieces
  3597 | D:2      | Bought a scroll of teleportation for 39 gold pieces
  3685 | D:5      | Entered Level 5 of the Dungeon
  3701 | D:5      | Reached **** piety under Trog
  4809 | D:5      | Found a burning altar of Makhleb.
  4809 | D:5      | Found a shimmering altar of Xom.
  5101 | D:6      | Reached XP level 9. HP: 56/56 MP: 9/9
  5113 | D:6      | Found Foskakoc's Magic Scroll Emporium.
  5147 | D:6      | Reached skill level 5 in Dodging
  5166 | D:6      | Bought a scroll of identify for 26 gold pieces
  5166 | D:6      | Bought a scroll of identify for 26 gold pieces
  5166 | D:6      | Bought a scroll of identify for 26 gold pieces
  5166 | D:6      | Bought a scroll of identify for 26 gold pieces
  5168 | D:6      | Identified a scroll of acquirement
  5379 | D:6      | Reached skill level 1 in Evocations
  5556 | D:6      | Found a staircase to the Ecumenical Temple.
  5567 | Temple   | Entered the Ecumenical Temple
  5935 | D:6      | Found Axudajiss's Antique Weapon Emporium.
  6372 | D:7      | Reached ***** piety under Trog
  6711 | D:8      | Reached XP level 10. HP: 55/64 MP: 10/10
  6793 | D:8      | Found a runed translucent door.
  6793 | D:8      | Found a shimmering altar of Xom.
  6793 | D:8      | Noticed a +2 whip of chaos
  6793 | D:8      | Noticed TrollFarmer's ghost (journeyman DjFE)
  7289 | D:8      | Found a flagged portal.
  7291 | D:8      | Noticed a two-headed ogre
  7300 | D:8      | Killed a two-headed ogre
  7377 | Bailey   | Entered a bailey
  7505 | Bailey   | Noticed an orc knight
  8186 | D:9      | Found a staircase to the Orcish Mines.
  8258 | D:9      | Reached XP level 11. HP: 30/71 MP: 11/11
  8817 | D:9      | Identified the +1 leather armour "Caofus" {Int+3}
  9003 | D:9      | Reached skill level 1 in Shields
  9398 | D:9      | Reached skill level 5 in Evocations
  9466 | D:9      | Found an ornate altar of the Wu Jian Council.
  9688 | D:9      | Found Icuweb's Antique Weapon Boutique.
  9691 | D:9      | Bought a smoking dire flail for 225 gold pieces
  9691 | D:9      | Identified the +5 dire flail "Gahoiwk" {freeze, rF+ Str+3}
                  | (You bought it in a shop on level 9 of the Dungeon)
  9759 | D:10     | Entered Level 10 of the Dungeon
  9768 | D:10     | Identified the +3 flail of Petzoske {heavy, rElec rF+ rCorr
                  | Str+3} (Trog gifted it to you on level 10 of the Dungeon)
  9768 | D:10     | Received a gift from Trog
 10201 | D:10     | Found a stormy altar of Qazlal.
 10365 | D:10     | Found a staircase to the Lair.
 10777 | D:10     | Noticed a cyclops
 10784 | D:10     | Killed a cyclops
 10825 | Lair:1   | Entered Level 1 of the Lair of Beasts
 10917 | Lair:1   | Reached skill level 10 in Fighting
 11219 | Lair:1   | Reached XP level 12. HP: 54/77 MP: 12/12
 11316 | Lair:1   | Found a gate leading to a gauntlet.
 11325 | Gauntlet | Entered a Gauntlet
 11325 | Gauntlet | Found a transporter.
 11325 | Gauntlet | Found a runed translucent door.
 11326 | Gauntlet | Found a runed translucent door.
 11332 | Gauntlet | Found a transporter.
 11335 | Gauntlet | Found a transporter.
 11354 | Lair:1   | Reached skill level 10 in Armour
 12000 | Lair:2   | Reached skill level 5 in Shields
 12213 | Lair:2   | Found a staircase to the Snake Pit.
 12426 | Lair:2   | Reached skill level 10 in Maces & Flails
 12565 | Lair:2   | Reached skill level 1 in Throwing
 13042 | Lair:3   | Received a gift from Trog
 13474 | Lair:3   | Found a staircase to the Shoals.
 13579 | Lair:3   | Reached XP level 13. HP: 71/84 MP: 13/13
 14013 | Lair:4   | Noticed Urug
 14023 | Lair:4   | Killed Urug
 14719 | Lair:5   | Entered Level 5 of the Lair of Beasts
 15049 | Lair:5   | Received a gift from Trog
 15064 | Lair:5   | Noticed Snorg
 15073 | Lair:4   | Reached skill level 5 in Throwing
 15100 | Lair:5   | Killed Snorg
 15161 | Lair:5   | Found a viscous altar of Jiyva.
 15161 | Lair:5   | Found a staircase to the Slime Pits.
 15188 | Lair:5   | Identified the +2 trident "Wudakud" {freeze, Stlth+}
 15240 | Lair:5   | Noticed Josephine
 15276 | Lair:4   | Killed Josephine
 15463 | Lair:5   | Gained mutation: Your large and strong wings let you fly.
                  | [Gargoyle growth]
 15463 | Lair:5   | Reached XP level 14. HP: 92/92 MP: 14/14
 15656 | Lair:5   | Found a large runed translucent door.
 15656 | Lair:5   | Noticed Nessos
 15657 | Lair:5   | Found a large runed translucent door.
 15881 | Lair:5   | Reached ****** piety under Trog
 16239 | Orc:1    | Entered Level 1 of the Orcish Mines
 16323 | Orc:2    | Entered Level 2 of the Orcish Mines
 16323 | Orc:2    | Noticed Jorgrun
 16411 | Orc:2    | Killed Jorgrun
 16676 | Orc:1    | Received a gift from Trog
 17138 | Orc:2    | Found a staircase to the Elven Halls.
 17207 | Orc:2    | Paralysed by an orc sorcerer for 2 turns
 17212 | Orc:2    | Paralysed by an orc sorcerer for 3 turns
 17443 | Orc:2    | Gained mutation: You occasionally lose the ability to drink
                  | potions when taking damage. [a neqoxec]
 17757 | Orc:2    | Gained mutation: You are vulnerable to heat. (rF-) [a
                  | neqoxec]
 17852 | Orc:2    | Received a gift from Trog
 17920 | Orc:2    | Found Lezebifi's Weapon Boutique.
 17920 | Orc:2    | Found Vamethrer's Jewellery Shoppe.
 17928 | Orc:2    | Found Zelik's Distillery.
 17928 | Orc:2    | Found Uhal's Book Shoppe.
 17940 | Orc:2    | Bought an amulet of reflection for 450 gold pieces
 18286 | D:11     | Identified the +5 war axe "Giarr" {freeze, rPois rF++ Str+3
                  | Int+2}
 18987 | D:12     | Reached skill level 10 in Shields
 19889 | D:12     | Reached XP level 15. HP: 78/99 MP: 15/15
 20435 | D:13     | Found a gate to the Vaults.
 21422 | D:13     | Found Tosag's Jewellery Shop.
 21463 | D:13     | Noticed Rupert
 21474 | D:13     | Killed Rupert
 23202 | D:14     | Identified the +1 scale mail "Lieluam" {+Inv Fly Str-3
                  | Dex+7}
 23493 | D:15     | Entered Level 15 of the Dungeon
 23493 | D:15     | Noticed Kirke
 23591 | D:15     | Received a gift from Trog
 24210 | Snake:1  | Entered Level 1 of the Snake Pit
 24349 | Snake:1  | Noticed a nagaraja
 24378 | Snake:1  | HP: 5/101 [naga warrior/+0 trident (29)]
 24379 | Snake:1  | HP: 1/101 [constriction (4)]
 24383 | Snake:1  | Demolished by a naga warrior

Illustrated notes

Levels and vault maps discovered:
D:1:      noname_arrival_rooms_in_the_neighbourhood, layout_rooms, serial_shops,
          nicolae_shop_behind_doors, grunt_decor_arrowhead,
          minmay_misc_feat_enclosed
D:2:      minmay_alternating_diamond, layout_basic, serial_shops,
          nicolae_shop_advertising_works [nicolae_subvault_shop_adworks],
          nicolae_shop_window_shopping, shop, shop, nicolae_lakefront_shop,
          basic_altar, uniq_robin
D:3:      layout_loops_ring, mainiacjoe_overflow_catwalk, marbit_many_paths,
          shapermc_ecumenical_altar_mp_vishouse
D:4:      layout_loops_corners, lemuel_crystal_altar, nrook_mini_vaults,
          solitary_fountain, uniq_eustachio, uniq_duvessa, uniq_natasha,
          uniq_grinder
D:5:      layout_layer_cave, grunt_temple_overflow_champion_of_chaos,
          kennysheep_windowed_goal
D:6:      layout_loops_ring, minmay_temple_entry_glassed_door, serial_shops,
          shop, nicolae_shop_trees
D:7:      layout_loops_ring
D:8:      layout_loops_ring, enter_bailey_6, ebering_ghost_xom,
          nicolae_nh_ransacked_shop
D:9:      layout_long_grid, lemuel_coloured_pillars_altar,
          kennysheep_orc_monster_closet_entryway, serial_shops,
          nicolae_shop_tiny_real_fake_doors
D:10:     layout_cave_pods, nicolae_qazlal_general_emergency, david_lair_generic
D:11:     layout_basic
D:12:     layout_layer_cave, portal_ice_cave_demonic_guard, lemuel_flame_loot_1
D:13:     layout_stronghold, david_vaults_3, serial_shops, nicolae_shop_crystal,
          chequers_serial_rivers_large_b, uniq_rupert
D:14:     layout_rooms, minivault_24
D:15:     grunt_enter_depths_hoard, layout_cave_pools, minivault_4, uniq_kirke
Temple:   regret_index_temple_waves
Lair:1:   layout_chaotic_city, gauntlet_entry_generic, beast_lair_carwin_2,
          grunt_megastairs_5
Lair:2:   layout_roguey, minmay_snake_entry_six_corridors, st_stairs_9
Lair:3:   layout_gridlike, elwin_shoals_entry_rocks,
          chequers_serial_rivers_marsh, serial_bayou_shore_a
Lair:4:   layout_loops_ring, beast_lair_carwin_3, infiniplex_staircase_pool,
          serial_bayou_shore_b, uniq_urug
Lair:5:   cheibrodos_lair_end_hotspot, layout_misc_corridors, slime_entry_1,
          uniq_nessos, uniq_josephine, uniq_snorg
Snake:1:  layout_concentric_octagons, lemuel_fruit_tree,
          nicolae_triple_integral, serial_bayou_shore_b
Orc:1:    layout_diamond_mine
Orc:2:    grunt_orc_tribal_feast, layout_diamond_mine, special_room,
          abandoned_shop, uniq_jorgrun

Skill      XL: |  1  2  3  4  5  6  7  8  9 10 11 12 13 14 15 |
---------------+----------------------------------------------+-----
Dodging        | 2 3 4 5 6 7 8 |  8.0
Armour         | 3 4 5 6 7 8 9 11 12 13 14 | 14.1
Fighting       | 4 5 6 7 9 10 11 12 13 14 | 14.4
Maces & Flails | 4 5 6 7 8 9 10 11 12 13 | 13.3
Evocations     | 2 4 5 6 7 |  7.5
Shields        | 4 6 8 10 11 | 11.3
Throwing       | 2 5 6 |  6.0

Action                     |  1- 3 |  4- 6 |  7- 9 | 10-12 | 13-15 || total
---------------------------+-------+-------+-------+-------+-------++-------
  Melee: Mace              |   129 |    20 |       |       |       ||   149
         Flail             |       |   114 |   307 |   111 |       ||   532
         Punch             |       |     1 |     4 |       |       ||     5
         Dire flail        |       |       |   107 |   684 |   199 ||   990
         Morningstar       |       |       |       |       |   856 ||   856
 Invoke: Berserk           |       |       |       |       |     3 ||     3
  Evoke: Wand              |       |       |       |     2 |       ||     2
    Use: Scroll            |       |       |    15 |     8 |     5 ||    28
 Armour: Animal skin       |    15 |       |       |       |       ||    15
         Ring mail         |    34 |    24 |       |       |       ||    58
         Chain mail        |       |    42 |   171 |    61 |       ||   274
         Plate armour      |       |       |       |   344 |   623 ||   967
  Dodge: Dodged            |   110 |    96 |   297 |   582 |   512 ||  1597
  Block: Buckler           |       |       |       |    18 |       ||    18
         Kite shield       |       |       |       |       |   568 ||   568
         Reflection        |       |       |       |       |    47 ||    47
